 Dungeon Sprint DCSS version 0.23.0-42-geed6394 (webtiles) character file.

Game seed: 2709932471720847568

8985 Fang the Fighter (level 11, -1/80 HPs)
             Began as a Gargoyle Berserker on Feb 28, 2019.
             Was the Champion of Trog.
             Slain by an unseen horror (3 damage)
             ... in the Dungeon (Sprint VII: "The Pits").
             The game lasted 00:02:49 (1727 turns).

Fang the Fighter (Gargoyle Berserker)               Turns: 1727, Time: 00:02:49

Health: -1/80      AC: 21    Str: 27    XL:     11   Next: 39%
Magic:  3/3        EV: 19    Int:  8    God:    Trog [******]
Gold:   0          SH:  0    Dex:  9    Spells: 10/10 levels left

rFire    . . .     SeeInvis .   k - +4 broad axe (antimagic)
rCold    . . .     Gourm    .   (no shield)
rNeg     + . .     Faith    .   u - +5 ring mail
rPois    ∞         Spirit   .   (no helmet)
rElec    +         Reflect  .   (no cloak)
rCorr    .         Harm     .   (no gloves)
MR       .....     NoTele   +   (no boots)
Stlth    ..........             (no amulet)
HPRegen  0.23/turn              r - +3 ring of evasion
MPRegen  0.08/turn              q - +3 ring of strength

@: no status effects
A: negative energy resistance 1, electricity resistance, unbreathing,
petrification resistance, rot immunity, AC +8
a: Berserk, Trog's Hand, Brothers in Arms, Renounce Religion


You were in the Dungeon.
You worshipped Trog.
Trog was exalted by your worship.
You were hungry.

You visited 1 branch

Inventory:

Hand Weapons
 k - a +4 antimagic broad axe (weapon)
 n - a +2 hand axe of freezing
 t - a +2 war axe of chopping
Armour
 u - a +5 ring mail (worn)
Jewellery
 q - a +3 ring of strength (right hand)
 r - a +3 ring of evasion (left hand)
Scrolls
 i - a scroll of blinking
 l - 3 scrolls of remove curse
 m - a scroll of summoning
Potions
 a - 2 potions of invisibility
 d - 7 potions of curing
 e - 7 potions of heal wounds
 f - a potion of haste
 g - 4 potions of magic
 h - 4 potions of berserk rage
 s - 2 potions of brilliance
Comestibles
 c - 9 rations


   Skills:
 + Level 14.9 Fighting
 + Level 12.8 Axes
 + Level 14.7 Armour
 + Level 11.7 Dodging


You had 10 spell levels left.
You didn't know any spells.
Your spell library was empty.

Dungeon Overview and Level Annotations

Branches:
Dungeon (1/1)

Altars:
Gozag
Hepliaklqana
Sif Muna
Trog
Jiyva


Innate Abilities, Weirdness & Mutations

You are resistant to torment.
Your stone body is resilient. (AC +8)
You are immune to poison.
You resist negative energy. (rN+)
You are resistant to electric shocks. (rElec)
You can survive without breathing.
You are immune to petrification.
You are immune to rotting.


Message History

You hit something. Something hits you.
* * * LOW HITPOINT WARNING * * *
You hit something but do no damage. Something hits you but does no damage.
You swing at nothing.
Something hits you!
* * * LOW HITPOINT WARNING * * *
You swing at nothing.
Something hits you but does no damage. Something barely misses you.
You closely miss something.
You are feeling hungry.
Something hits you!
* * * LOW HITPOINT WARNING * * *
Something barely misses you.
You miss something. Something hits you!
* * * LOW HITPOINT WARNING * * *
Something hits you.
* * * LOW HITPOINT WARNING * * *
You swing at nothing.
Something hits you but does no damage. Something barely misses you.
You closely miss something. Something hits you.
You die...

...##''####### ######## ###
...##..........#......# ....
...##..........'....÷.# .....
...##..#####...#####'##......
...##..+ #....)).(.........
...##..# #........##'##....
...##..# #.#####..# ..# #
#####..#####.+...#..# ..#
#####........#..@†).##+##..
![[##........#...#.........
![[###+###...#...#.........
.))# +...#+###...####+# !.)#
#.....÷.....# .))#
#....).))...+ ####
#############


There were no monsters in sight!

Vanquished Creatures
  A great orb of eyes (D)
  Harold (D)
  2 death yaks (D)
  A sixfirhy (D)
  A deep troll (D)
  3 elephants (D)
  A black mamba (D)
  An orange demon (D)
  An efreet (D)
  A hellwing (D)
  4 blink frogs (D)
  4 slime creatures (D)
  A flying skull (D)
  5 yaks (D)
  An acid dragon (D)
  A small abomination (D)
  A water moccasin (D)
  A floating eye (D)
  A porcupine (D)
  An orc warrior (D)
  A sky beast (D)
  A necrophage (D)
  An orc priest (D)
  A hound (D)
  2 orc wizards (D)
  An iguana (D)
  2 white imps (D)
  An ooze (D)
  2 orcs (D)
  2 ball pythons (D)
  A bat zombie (D)
  2 hobgoblins (D)
  6 jackals (D)
  A quokka (D)
  A bat (D)
  2 frilled lizards (D)
  A rat (D)
61 creatures vanquished.

Notes
Turn   | Place    | Note
-------+----------+-------------------------------------------
     0 | D        | Fang the Gargoyle Berserker began the quest for the Orb.
     0 | D        | Reached XP level 1. HP: 14/14 MP: 1/1
   106 | D        | Found a bloodstained altar of Trog.
   106 | D        | Found a deep blue altar of Sif Muna.
   106 | D        | Found a viscous altar of Jiyva.
   106 | D        | Found a hazy altar of Hepliaklqana.
   106 | D        | Found an opulent altar of Gozag.
   144 | D        | Reached ** piety under Trog
   154 | D        | Noticed a floating eye
   159 | D        | Killed a floating eye
   159 | D        | Reached skill level 5 in Fighting
   159 | D        | Reached skill level 5 in Armour
   159 | D        | Reached XP level 2. HP: 22/22 MP: 2/2
   159 | D        | Reached XP level 3. HP: 27/27 MP: 3/3
   159 | D        | Reached XP level 4. HP: 32/32 MP: 4/4
   167 | D        | Reached *** piety under Trog
   172 | D        | Reached **** piety under Trog
   237 | D        | Noticed a porcupine
   237 | D        | Noticed a flying skull
   237 | D        | Noticed a water moccasin
   239 | D        | Reached skill level 5 in Axes
   244 | D        | Killed a porcupine
   244 | D        | Reached skill level 5 in Dodging
   244 | D        | Reached XP level 5. HP: 38/38 MP: 5/5
   248 | D        | Reached ***** piety under Trog
   248 | D        | Reached XP level 6. HP: 30/44 MP: 6/6
   254 | D        | Killed a flying skull
   254 | D        | Received a gift from Trog
   258 | D        | Killed a water moccasin
   258 | D        | Reached XP level 7. HP: 21/50 MP: 7/7
   528 | D        | Received a gift from Trog
   537 | D        | Noticed a death yak
   548 | D        | Killed a death yak
   548 | D        | Reached skill level 10 in Fighting
   548 | D        | Reached skill level 10 in Armour
   548 | D        | Reached XP level 8. HP: 58/58 MP: 2/8
   687 | D        | Noticed an elephant
   687 | D        | Noticed a deep troll
   695 | D        | Killed an elephant
   702 | D        | Killed a deep troll
   702 | D        | Received a gift from Trog
   702 | D        | Reached XP level 9. HP: 64/64 MP: 3/9
   802 | D        | Found the +7 great mace "Undeadhunter" {disrupt, rN+}
   903 | D        | Noticed an elephant
   908 | D        | Reached ****** piety under Trog
   908 | D        | Reached skill level 10 in Axes
   912 | D        | Killed an elephant
   996 | D        | Noticed a great orb of eyes
  1000 | D        | Paralysed by a great orb of eyes for 3 turns
  1006 | D        | Killed a great orb of eyes
  1006 | D        | Reached XP level 10. HP: 56/72 MP: 10/10
  1082 | D        | Noticed an orange demon
  1090 | D        | Received a gift from Trog
  1090 | D        | Reached skill level 10 in Dodging
  1100 | D        | Killed an orange demon
  1134 | D        | Received a gift from Trog
  1425 | D        | Noticed an elephant
  1437 | D        | Noticed a sixfirhy
  1440 | D        | Killed an elephant
  1449 | D        | Noticed Harold
  1455 | D        | Killed a sixfirhy
  1455 | D        | Received a gift from Trog
  1455 | D        | Reached XP level 11. HP: 62/80 MP: 3/11
  1464 | D        | Received a gift from Trog
  1466 | D        | Killed Harold
  1694 | D        | Noticed a death yak
  1703 | D        | Killed a death yak
  1703 | D        | Received a gift from Trog
  1725 | D        | HP: 3/80 [something (8)]
  1727 | D        | Slain by an unseen horror

Skill      XL: |  1  2  3  4  5  6  7  8  9 10 11 |
---------------+----------------------------------+-----
Axes           | 4 5 6 7 8 9 10 12 | 12.8
Dodging        | 3 5 6 7 8 9 11 | 11.7
Fighting       | 5 7 8 10 11 12 14 | 14.9
Armour         | 5 6 8 10 11 12 13 14 | 14.7

Action                   |  1- 3 |  4- 6 |  7- 9 | 10-12 || total
-------------------------+-------+-------+-------+-------++-------
Melee: Hand axe          |    17 |    25 |    12 |       ||    54
       Battleaxe         |       |       |    41 |       ||    41
       War axe           |       |       |    12 |    39 ||    51
       Broad axe         |       |       |       |    68 ||    68
Invok: Berserk           |       |     1 |     2 |     2 ||     5
  Use: Potion            |       |       |       |     1 ||     1
  Eat: Chunk             |       |       |     3 |     4 ||     7
Armor: Animal skin       |     5 |       |       |       ||     5
       Chain mail        |       |    11 |    28 |       ||    39
       Ring mail         |       |       |     9 |    67 ||    76
Dodge: Dodged            |    12 |    11 |    31 |   108 ||   162
